AoeStats
← MattAtArms

Arabia

504014273Analyzed
1v1 RM · 1mo ago on Sep 3, 2026· 46m 49s· 2 players
Game mode
Random Map
Map size
Tiny (2 player)
Population
200
Speed
Normal
Resources
Standard
Victory
Conquest
Starting age
Dark Age
Ending age
Imperial Age
RankedLock teamsTeams togetherTeam positionsShared explorationLock speedFull tech treeHidden civsTurbo modeCheats
Victory
Defeat
🇮🇹 Koreans · Italy
1997
+11
🇬🇧 Byzantines · United Kingdom
1892
-11
MattAtArms
5:35 Loom
9:17 Feudal Age
9:56 Double-Bit Axe
14:44 Fletching
17:01 Padded Archer Armor
22:18 Castle Age
20:30 Horse Collar
22:17 Gold Mining
22:23 Crossbowman
22:59 Bodkin Arrow
23:51 Bow Saw
24:56 Ballistics
29:40 Thumb Ring
36:48 Wheelbarrow
41:19 Imperial Age
39:19 Elite Skirmisher
40:19 Hand Cart
41:22 Leather Archer Armor
41:11 Heavy Plow
43:06 Chemistry
43:24 Ring Archer Armor
42:56 Bracer
43:03 Arbalester
Pirate
6:39 Loom
8:53 Feudal Age
8:55 Man-at-Arms
14:14 Fletching
22:58 Castle Age
21:32 Gold Mining
21:54 Scale Mail Armor
21:56 Double-Bit Axe
22:52 Forging
24:00 Chain Mail Armor
24:08 Gambesons
25:06 Squires
25:45 Elite Skirmisher
32:58 Horse Collar
34:14 Bow Saw
34:07 Heavy Plow
35:48 Wheelbarrow
39:48 Imperial Age
37:47 Bodkin Arrow
38:19 Elite Skirmisher
39:30 Hand Cart
41:31 Chemistry
40:35 Bracer
40:49 Thumb Ring
42:06 Ballistics
42:24 Conscription
42:15 Stone Mining
44:10 Siege Engineers
46:28 Plate Mail Armor
46:33 Iron Casting
46:48 Elite Fire Lancer
Connection lost

Rejoining the realm…

Still unreachable

The connection could not be restored.

Session expired

The server has moved on; the page needs a fresh start.